 Dungeon Crawl Stone Soup version 0.30-a0-778-g2ef04afb54 (webtiles) character file.

Game seed: 7607187270978059259

107 hikkokomori the Digger (level 4, -2/24 HPs)
             Began as a Gargoyle Earth Elementalist on Feb 17, 2023.
             Killed by divine providence
             ... invoked by an orc priest
              (16 damage)
             ... on level 3 of the Dungeon.
             The game lasted 00:03:08 (2008 turns).

hikkokomori the Digger (GrEE)                       Turns: 2008, Time: 00:03:08

Health: -2/24      AC:  7    Str: 12    XL:     4   Next: 86%
Magic:  4/7        EV: 12    Int: 17    God:
Gold:   199        SH:  0    Dex: 10    Spells: 3/7 levels left

rFire   . . .      SeeInvis .    (no weapon)
rCold   . . .      Faith    .    (no shield)
rNeg    + . .      Spirit   .    a - +0 robe
rPois   ∞          Reflect  .    (no helmet)
rElec   +          Harm     .    l - +0 cloak
rCorr   .          Rampage  .    g - +0 pair of gloves
Will    .....                    (no boots)
Stlth   ++                       (no amulet)
HPRegen 0.24/turn                (no ring)
MPRegen 0.10/turn                (no ring)

@: no status effects
A: sickness immunity, AC +3, negative energy resistance 1, electricity
resistance, torment resistance 1, petrification resistance
a: no special abilities


You were on level 3 of the Dungeon.
You visited 1 branch of the dungeon, and saw 3 of its levels.

You collected 199 gold pieces.

Inventory:

Armour
 a - a +0 robe (worn)
 g - a +0 pair of gloves (worn)
 l - a +0 cloak (worn)
Scrolls
 c - a scroll of poison {unknown}
 d - 2 scrolls of teleportation {unknown}
 e - a scroll of acquirement {unknown}
 f - a scroll of fog {unknown}
 h - 2 scrolls of identify {unknown}
 i - 3 scrolls of amnesia {unknown}
 j - a scroll of enchant armour {unknown}
 n - a scroll of torment {unknown}
 o - a scroll of immolation {unknown}
Potions
 b - a potion of magic
 k - a potion of curing {unknown}
 m - a potion of mutation {unknown}


   Skills:
 - Level 1.8 Dodging
 + Level 3.6 Stealth
 - Level 2.2 Spellcasting
 + Level 1.8 Conjurations
 - Level 1.1 Transmutations
 + Level 4.5 Earth Magic


You had 3 spell levels left.
You knew the following spells:

 Your Spells              Type           Power      Damage    Failure   Level
a - Sandblast             Erth           34%        2d9       3%          1
b - Stone Arrow           Conj/Erth      24%        3d8       16%         3

Your spell library contained the following spells:

 Spells                   Type           Power      Damage    Failure   Level
 Passwall                 Tmut/Erth      9%         N/A       9%          2
 Portal Projectile        Hex/Tloc       2%         N/A       50%         3
 Tukima's Dance           Hex            1%         N/A       50%         3
 Petrify                  Tmut/Erth      11%        N/A       50%         4
 Animate Armour           Summ/Erth      18%        N/A       58%         4
 Blade Hands              Tmut           2%         N/A       97%         5
 Iron Shot                Conj/Erth      6%         9d2       100%        6


Dungeon Overview and Level Annotations

Branches:
Dungeon (3/15)

Altars:

Shops:
D:3 !


Innate Abilities, Weirdness & Mutations

You are immune to sickness and miasma.
Your stone body is resilient. (AC +3)
You are immune to poison.
You resist negative energy. (rN+)
You are resistant to electric shocks. (rElec)
You are resistant to unholy torment.
You are immune to petrification.


Message History

Found a whip.
Things that are here:
a +0 club; a ball python corpse You now have 116 gold pieces (gained 10).
You now have 129 gold pieces (gained 13).
You now have 146 gold pieces (gained 17).
You now have 148 gold pieces (gained 2).
You now have 156 gold pieces (gained 8).
There is an entrance to Ikavimou's Distillery here.
You now have 171 gold pieces (gained 15).
You now have 184 gold pieces (gained 13).
You now have 199 gold pieces (gained 15).
i - 3 scrolls labelled DUNOCE XU COJU (gained 1)
An orc comes into view. It is wielding a +0 short sword.
An orc is nearby!
An orc is nearby!
An orc is nearby!
An orc is nearby!
An orc and an orc priest come into view.
The orc shouts! x2; You hear a shout!
You hear an angry hiss.
The orc priest looks satisfied for a moment.
A goblin comes into view. It is wielding a +0 dagger.
The blast of sand hits the orc priest!
The orc priest is heavily wounded.
You hear a shout!
An orc priest comes into view. It is wielding a +0 club.
The blast of sand hits the orc.
The orc is heavily wounded.
The orc hits you but does no damage.
The blast of sand hits the orc but does no damage.
The orc is heavily wounded.
The orc priest mumbles some strange prayers to Beogh against you.
Beogh smites you! The orc closely misses you.
Casting: Sandblast (safe; 3% risk of failure)
Confirm with . or Enter, or press ? or * to list all spells.
Okay, then.
The orc priest mumbles some strange prayers to Beogh against you.
Beogh smites you!
Ouch! That really hurt!
You die...

... #.......##.# ..#
#######....# ..#
##.#### .. ##..#
.####g######..##
..........:..###
.......#.......#
....oooo.......#
.#.#.###@......######
###..........#
#..........# #
#..).......#
#.###..........#
#..............#
####.#.∩.#######
#.......#
######.......#


You could see 2 orc priests, 2 orcs and a goblin.

Vanquished Creatures
  An iguana (D:3)
  2 adders (D:2)
  3 dart slugs
  7 bats
  2 endoplasms (D:1)
  3 giant cockroaches
  7 goblins
  5 hobgoblins
  7 jackals
  2 quokkas (D:1)
  2 ball pythons
  2 frilled lizards (D:1)
  4 kobolds
  7 rats
54 creatures vanquished.

Notes
Turn   | Place    | Note
-------+----------+-------------------------------------------
     0 | D:1      | hikkokomori the Gargoyle Earth Elementalist began the quest
                  | for the Orb.
     0 | D:1      | Reached XP level 1. HP: 10/10 MP: 3/3
    59 | D:1      | Reached skill level 1 in Transmutations
    59 | D:1      | Reached XP level 2. HP: 13/15 MP: 0/5
   609 | D:1      | Reached XP level 3. HP: 19/19 MP: 4/6
   613 | D:1      | Learned a level 3 spell: Stone Arrow
   635 | D:1      | Reached skill level 4 in Earth Magic
  1005 | D:1      | Noticed a great orb of eyes
  1012 | D:1      | Found a faded altar of an unknown god.
  1024 | D:1      | Noticed a shining eye
  1024 | D:1      | Noticed a great orb of eyes
  1024 | D:1      | Noticed a great orb of eyes
  1194 | D:2      | Reached skill level 1 in Conjurations
  1215 | D:2      | Reached XP level 4. HP: 19/24 MP: 0/7
  1591 | D:2      | Identified the +0 scale mail of Death Resistance {Str+3}
  1939 | D:3      | Found Ikavimou's Distillery.
  2008 | D:3      | Killed from afar by an orc priest

Illustrated notes

Levels and vault maps discovered:
D:1:      dpeg_arrival_round_a, layout_basic,
          hellmonk_ecumenical_altar_watching_god
D:2:      layout_basic, serial_park_tiny_pond, grunt_decor_resistance,
          kennysheep_decorative_pillar
D:3:      layout_basic, serial_shops, shop_coins

Skill      XL: |  1  2  3 |
---------------+----------+-----
Transmutations | 1 |  1.1
Earth Magic    | 4 |  4.5
Stealth        | 3 |  3.6
Conjurations   | 1 |  1.8
Dodging        | |  1.8
Spellcasting   | |  2.2

Action                     |  1- 3 |  4- 6 || total
---------------------------+-------+-------++-------
  Melee: Unarmed           |    22 |    10 ||    32
   Cast: Sandblast         |    44 |    32 ||    76
 Armour: Robe              |     7 |    12 ||    19
  Dodge: Dodged            |    21 |    17 ||    38

Table legend: (Time is in decaauts)
 A = Elapsed time spent in this place.
 B = Non-inter-level travel time spent in this place.
 C = Inter-level travel time spent in this place.
 D = Time resting spent in this place.
 E = Time spent auto-exploring this place.
 F = Levels seen in this place.
 G = Mean time per level.
                   A        B        C        D        E       F      G
               +--------+--------+--------+--------+--------+-----+--------+
         Total |   2046 |   1988 |     58 |     68 |   1591 |   3 |  682.0 |
       Dungeon |   2046 |   1988 |     58 |     68 |   1591 |   3 |  682.0 |
               +--------+--------+--------+--------+--------+-----+--------+

Top non-repeatable levels by time:
     D:1: 1103 daAuts
     D:2: 819 daAuts
     D:3: 123 daAuts
